 Dungeon Crawl Stone Soup version 0.27.1-1-g398f81649c (webtiles) character file.

Game seed: 8590973488758855120

126 Descartes the Covert (level 4, -3/21 HPs)
             Began as a Felid Delver on Sept 18, 2021.
             Killed by divine providence
             ... invoked by an orc priest
              (10 damage)
             ... on level 3 of the Dungeon.
             The game lasted 00:03:57 (3052 turns).

Descartes the Covert (Felid Delver)                 Turns: 3052, Time: 00:03:57

Health: -3/21      AC:  1    Str:  9    XL:     4   Next: 83%
Magic:  0/5        EV: 19    Int: 11    God:
Gold:   125        SH:  0    Dex: 17    Spells: 3/3 levels left
                                        Lives:  0   Deaths: 1

rFire    . . .     SeeInvis +     - Unarmed
rCold    . . .     Faith    .   (shield unavailable)
rNeg     . . .     Spirit   +   (armour unavailable)
rPois    .         Reflect  .   (helmet unavailable)
rElec    .         Harm     .   (cloak unavailable)
rCorr    .         Rampage  .   (gloves unavailable)
Will     .....                  (boots unavailable)
Stlth    ++++......             j - amulet of guardian spirit
HPRegen  0.07/turn              (no ring)
MPRegen  0.09/turn              (no ring)

@: quick
A: very small, claws 1, fangs 3, see invisible, speed 1, shaggy fur 1, stealthy
paws, no weapons or thrown items, no armour, multi-lived
a: no special abilities


You were on level 3 of the Dungeon.
You visited 1 branch of the dungeon, and saw 5 of its levels.

You collected 125 gold pieces.

Inventory:

Jewellery
 j - an amulet of guardian spirit (around neck)
Wands
 e - a wand of digging (3)
Scrolls
 a - a scroll of fog
 b - a scroll of magic mapping
 c - a scroll of fear
 f - 2 scrolls of identify {unknown}
 g - a scroll of summoning {unknown}
 h - 2 scrolls of enchant armour {unknown}
 l - a scroll of amnesia {unknown}
 n - a scroll of holy word {unknown}
 o - a scroll of immolation {unknown}
Potions
 d - a potion of haste
 i - a potion of attraction {unknown}
 k - a potion of heal wounds {unknown}
 m - a potion of berserk rage {unknown}


   Skills:
 - Level 3.0 Fighting
 + Level 5.2 Dodging
 + Level 8.3 Stealth
 + Level 2.3 Unarmed Combat
 + Level 1.0 Transmutations


You had 3 spell levels left.
You didn't know any spells.
Your spell library contained the following spells:

 Spells                   Type           Power      Damage    Failure   Level
 Blade Hands              Tmut           1%         N/A       99%         5
 Portal Projectile        Hex/Tloc       Unusable   N/A       N/A         3
 Excruciating Wounds      Necr           Unusable   N/A       N/A         5

Dungeon Overview and Level Annotations

Branches:
Dungeon (5/15)
 Temple: D:4-7

Altars:
Okawaru
Vehumet
Yredelemnul


Innate Abilities, Weirdness & Mutations

You have sharp claws.
You have razor-sharp teeth.
You have supernaturally acute eyesight. (SInv)
You cover ground quickly. (Speed+)
You are covered in fur. (AC +1)
Your paws help you pounce on unaware monsters.
You are incapable of wielding weapons or throwing items.
You cannot wear armour.
You gain extra lives every three experience levels.


Message History

a +0 leather armour; a +0 club; an orc skeleton
There is an open door here.
An orc priest is nearby!
The orc priest shouts!
You hear a shout! x2
You barely miss the orc priest. The orc priest misses you.
You scratch the orc priest.
The orc priest is moderately wounded.
The orc priest calls down the wrath of Beogh upon you.
You struggle to resist.
You completely miss the orc priest.
The orc priest is moderately wounded.
The orc priest barely misses you.
You scratch the orc priest but do no damage.
Your bite misses the orc priest.
The orc priest is moderately wounded.
The orc priest closely misses you.
You barely miss the orc priest.
The orc priest is moderately wounded.
The orc priest barely misses you.
You closely miss the orc priest.
The orc priest is moderately wounded.
The orc priest completely misses you.
You scratch the orc priest.
The orc priest is moderately wounded.
The orc priest barely misses you.
You scratch the orc priest but do no damage.
You bite the orc priest, but do no damage.
The orc priest is moderately wounded.
The orc priest invokes the aid of Beogh against you.
Pain shoots through your body!
You scratch the orc priest.
The orc priest is heavily wounded.
The orc priest calls down the wrath of Beogh upon you.
Pain shoots through your body!
Ouch! That really hurt!
The orc priest looks encouraged for a moment.
There is an open door here.
The orc priest invokes the aid of Beogh against you.
Beogh smites you!
You die...

#.#####.......#
#.#.#.#.###
#.#....)#..(###
#.#...#....
#.#...#.#.###
######.#####....
#.#####o#.#
#...............
#.....#.#.#
#......#########
##......#.# #......#
#......o.# #......#
#.....########......#
#.....oo....@.>.....#
#.....##..[###.######
########...# #.#
#...# #.# #...# #.#
##### #.# #+#


You could see 2 orc priests.

Vanquished Creatures
  An ogre (D:5)
  4 adders
  A dart slug (D:1)
  An orc (D:3)
  6 ball pythons
  2 bats (D:1)
  4 endoplasms
  A giant cockroach (D:3)
  4 goblins
  7 hobgoblins
  7 jackals
  4 kobolds
  2 quokkas
  5 rats
49 creatures vanquished.

Vanquished Creatures (others)
  2 plants (D:5)
2 creatures vanquished.

Grand Total: 51 creatures vanquished

Notes
Turn   | Place    | Note
-------+----------+-------------------------------------------
     0 | D:5      | Descartes the Felid Delver began the quest for the Orb.
     0 | D:5      | Reached XP level 1. HP: 10/10 MP: 2/2
    10 | D:5      | Noticed an ogre
    14 | D:5      | Killed an ogre
    15 | D:5      | Reached skill level 7 in Stealth
    15 | D:5      | Reached XP level 2. HP: 14/14 MP: 3/3
    15 | D:5      | Reached XP level 3. HP: 17/17 MP: 4/4
    15 | D:5      | Reached XP level 4. HP: 21/21 MP: 5/5
    21 | D:5      | Found a basalt altar of Yredelemnul.
    26 | D:5      | Found an iron altar of Okawaru.
    29 | D:5      | Found a radiant altar of Vehumet.
    32 | D:5      | Noticed a scorpion
   124 | D:5      | Noticed a scorpion
   613 | D:3      | HP: 1/21 [adder (2)]
   614 | D:3      | Succumbed to an adder's poison
   615 | D:3      | Reached XP level 3. HP: -1/17 MP: 0/4
   667 | D:3      | Reached skill level 8 in Stealth
  1240 | D:1      | Reached skill level 5 in Dodging
  1365 | D:1      | Reached XP level 4. HP: 21/21 MP: 5/5
  1382 | D:1      | Found a faded altar of an unknown god.
  2687 | D:2      | Reached skill level 1 in Transmutations
  3052 | D:3      | Killed from afar by an orc priest

Illustrated notes

Levels and vault maps discovered:
D:1:      pf_arrival_petrified_forest, layout_basic,
          dilly_ecumenical_altar_fadedgnrine, serial_bayou_lagoon_a
D:2:      layout_basic, kennysheep_decorative_pillar,
          amcnicky_mini_rare_corridor_liquid, minivault_24,
          grunt_decor_mini_mirrors
D:3:      layout_basic, kennysheep_doodads
D:4:      layout_basic, pdpol_temple_overflow_zin_treasury_gozag_greed,
          serial_curves, eino_curves_01, eino_curves_02, eino_curves_01,
          grunt_ministairs_9, chequers_jeans
D:5:      layout_basic, grunt_temple_overflow_open, serial_shops,
          nicolae_shop_overgrown_old_shop, lemuel_another_geyser

Skill      XL: |  1  2  3  4 |
---------------+-------------+-----
Dodging        | 4 5 |  5.2
Stealth        | 7 8 |  8.3
Transmutations | 1 |  1.0
Fighting       | |  3.0
Unarmed Combat | |  2.3

Action                   |  1- 3 |  4- 6 || total
-------------------------+-------+-------++-------
Melee: Unarmed           |    35 |    98 ||   133
       Bite              |     4 |     9 ||    13
       Punch             |       |     2 ||     2
 Stab: Sleeping          |    13 |     8 ||    21
       Distracted        |       |     3 ||     3
Armor: Skin              |     1 |     2 ||     3
Dodge: Dodged            |    21 |    69 ||    90
